 Dungeon Crawl Stone Soup version 0.23.2 (webtiles) character file.

Game seed: 11748334966110890697

32 night the Firebug (level 3, -1/19 HPs)
             Began as a Gargoyle Fire Elementalist on Apr 7, 2019.
             Slain by Sigmund
             ... wielding a +0 scythe
              (5 damage)
             ... on level 2 of the Dungeon.
             The game lasted 00:04:58 (1339 turns).

night the Firebug (Gargoyle Fire Elementalist)      Turns: 1339, Time: 00:04:58

Health: -1/19      AC:  5    Str: 11    XL:     3   Next: 25%
Magic:  4/6        EV: 12    Int: 16    God:
Gold:   94         SH:  0    Dex: 10    Spells: 1/7 levels left

rFire    . . .     SeeInvis .   l - +0 short sword
rCold    . . .     Gourm    .   (no shield)
rNeg     + . .     Faith    .   a - +0 robe
rPois    ∞         Spirit   .   (no helmet)
rElec    +         Reflect  .   (no cloak)
rCorr    .         Harm     .   (no gloves)
MR       .....                  (no boots)
Stlth    +.........             (no amulet)
HPRegen  0.06/turn              (no ring)
MPRegen  0.10/turn              (no ring)

@: confused
A: negative energy resistance 1, electricity resistance, unbreathing,
petrification resistance, rot immunity, AC +3
a: no special abilities


You were on level 2 of the Dungeon.
You were not hungry.

You visited 1 branch of the dungeon, and saw 2 of its levels.

You collected 94 gold pieces.

Inventory:

Hand Weapons
 l - a +0 short sword (weapon)
Missiles
 d - 56 stones (quivered)
 e - 29 bolts
 f - 58 arrows
 q - 12 sling bullets
Armour
 a - a +0 robe (worn)
Scrolls
 b - 2 scrolls of amnesia {unknown}
 g - 2 scrolls of remove curse {unknown}
 h - 2 scrolls of identify {unknown}
 i - a scroll of blinking {unknown}
 k - a scroll of magic mapping {unknown}
 m - a scroll of random uselessness {unknown}
 o - a scroll of enchant weapon {unknown}
 p - a scroll of noise {unknown}
 s - a scroll of enchant armour {unknown}
 u - a scroll of teleportation {unknown}
Potions
 n - a potion of ambrosia {unknown}
 r - a potion of magic {unknown}
 t - a potion of heal wounds {unknown}
Comestibles
 c - 3 rations
 j - 2 chunks of flesh


   Skills:
 - Level 1.5 Dodging
 - Level 2.1 Stealth
 + Level 2.6 Spellcasting
 + Level 2.3 Conjurations
 + Level 3.2 Fire Magic


You had one spell level left.
You knew the following spells:

 Your Spells              Type           Power        Failure   Level  Hunger
a - Flame Tongue          Conj/Fire      ##...        6%          1    #......
b - Throw Flame           Conj/Fire      ##....       10%         2    ##.....
c - Conjure Flame         Conj/Fire      ##......     19%         3    ###....

Your spell library contained the following spells:

 Spells                   Type           Power        Failure   Level  Hunger
 Inner Flame              Hex/Fire       #.......     30%         3    ###....
 Sticky Flame             Conj/Fire      ##......     52%         4    #####..
 Fireball                 Conj/Fire      ##........   86%         5    ######.


Dungeon Overview and Level Annotations

Branches:
Dungeon (2/15)

Altars:
The Shining One

Annotations:
D:2 Sigmund


Innate Abilities, Weirdness & Mutations

You are resistant to torment.
Your stone body is resilient. (AC +3)
You are immune to poison.
You resist negative energy. (rN+)
You are resistant to electric shocks. (rElec)
You can survive without breathing.
You are immune to petrification.
You are immune to rotting.


Message History

You are more confused.
You hear a shout!
You bump into the rock wall.
You hear an angry hiss.
A hobgoblin comes into view. It is wielding a +0 club.
You're too confused to cast spells.
You aren't carrying any items that you can evoke.
Sigmund casts a spell at you. The puff of flame hits you.
* * * LOW HITPOINT WARNING * * *
You bump into the rock wall.
You bump into the rock wall.
You bump into the rock wall.
Sigmund says, "Look into my eyes."
Sigmund casts a spell.
Sigmund flickers and vanishes!
Deactivating autopickup; reactivate with Ctrl-A.
Something hits you but does no damage.
You miss the hobgoblin. The hobgoblin closely misses you. Something hits you.
You die...

#....._...##.#
###.......##.#....#
###.....###.#....#
#.##...##.#†#..).# #
##..#####..#.#....# .#
#..........#.#....# ..#
#..........#.#....# ...#
#............#....# .....
#............#@g..#.!....
##..............{%.......
#...........######......
#.........### .....
########### .... ###


You could see a hobgoblin.

Vanquished Creatures
  An ooze (D:2)
  3 giant cockroaches (D:1)
  5 hobgoblins
  6 bats
  4 frilled lizards
  A goblin (D:1)
  5 kobolds
  4 rats
29 creatures vanquished.

Notes
Turn   | Place    | Note
-------+----------+-------------------------------------------
     0 | D:1      | night the Gargoyle Fire Elementalist began the quest for
                  | the Orb.
     0 | D:1      | Reached XP level 1. HP: 10/10 MP: 3/3
   608 | D:1      | Reached XP level 2. HP: 13/15 MP: 0/5
   670 | D:1      | Learned a level 2 spell: Throw Flame
  1135 | D:2      | Reached XP level 3. HP: 19/19 MP: 3/6
  1140 | D:2      | Learned a level 3 spell: Conjure Flame
  1205 | D:2      | Found a glowing golden altar of the Shining One.
  1323 | D:2      | Noticed Sigmund
  1339 | D:2      | Slain by Sigmund

Skill      XL: |  1  2 |
---------------+-------+-----
Conjurations   | 2 |  2.3
Dodging        | |  1.5
Stealth        | |  2.1
Spellcasting   | |  2.6
Fire Magic     | |  3.2

Action                   || total
-------------------------++-------
Melee: Unarmed           ||    20
       Short sword       ||    21
 Cast: Flame Tongue      ||    32
       Throw Flame       ||     3
       Conjure Flame     ||     1
 Stab: Sleeping          ||     1
  Eat: Chunk             ||     2
Armor: Robe              ||    34
Dodge: Dodged            ||    42
